 Dungeon Crawl Stone Soup version 0.19.5 (webtiles) character file.

24 pimpchat the Ruffian (level 3, -2/30 HPs)
             Began as a Ghoul Gladiator on May 4, 2017.
             Slain by a jackal (3 damage)
             ... on level 1 of the Dungeon.
             The game lasted 00:02:59 (631 turns).

pimpchat the Ruffian (Ghoul Gladiator)               Turns: 631, Time: 00:03:01

Health: -2/30      AC:  4    Str: 19    XL:     3   Next: 2%
Magic:  2/2        EV: 12    Int:  3    God:
Gold:   64         SH:  0    Dex:  9    Spells: 0 memorised, 2 levels left

rFire  . . .     SeeInvis .     g - +0 halberd
rCold  + . .     Gourm    .     a - +0 leather armour
rNeg   + + +     Faith    .     (shield currently unavailable)
rPois  ∞         Spirit   .     b - +0 helmet
rElec  .         Reflect  .     (no cloak)
rCorr  .         Harm     .     (no gloves)
MR     .....                    (no boots)
Stlth  +.........               (no amulet)
                                (no ring)
                                (no ring)

@: rotting
A: rotting body, claws 1, carnivore 3, cold resistance 1, negative energy
resistance 3, slow regeneration 1, torment resistance, unbreathing
a: no special abilities


You were on level 1 of the Dungeon.
You were not hungry.

You visited 1 branch of the dungeon, and saw 1 of its levels.

You collected 64 gold pieces.

Inventory:

Hand Weapons
 g - a +0 halberd (weapon)
Missiles
 c - 3 throwing nets (quivered)
 e - 26 stones
 h - 21 poisoned needles
Armour
 a - a +0 leather armour (worn)
 b - a +0 helmet (worn)
Scrolls
 f - a scroll of teleportation {unknown}
Potions
 j - a potion of heal wounds {unknown}
 k - a potion of might {unknown}
Comestibles
 d - a meat ration
 i - a slice of pizza


   Skills:
 + Level 2.5 Fighting
 + Level 0.3 Polearms
 + Level 2.0 Throwing
 + Level 0.5 Armour
 + Level 2.8 Dodging
 + Level 3.8 Unarmed Combat


You had 2 spell levels left.
You didn't know any spells.

Dungeon Overview and Level Annotations

Branches:
Dungeon (1/15)

Altars:


Innate Abilities, Weirdness & Mutations

Your body is rotting away.
You thrive on raw meat.
You are immune to poison.
You have sharp fingernails.
You are carnivorous and can eat meat at any time.
Your flesh is cold resistant. (rC+)
You are immune to negative energy. (rN+++)
You regenerate slowly when monsters are visible.
You are immune to unholy pain and torment.
You can survive without breathing.


Message History

The jackal bites you.
* * * LOW HITPOINT WARNING * * *
The jackal completely misses you. The jackal bites you.
* * * LOW HITPOINT WARNING * * *
The jackal bites you.
* * * LOW HITPOINT WARNING * * *
The jackal closely misses you.
The hobgoblin hits you but does no damage.
The jackal bites you but does no damage.
The jackal misses you. The jackal barely misses you. The jackal bites you.
* * * LOW HITPOINT WARNING * * *
The jackal barely misses you.
The hobgoblin hits you but does no damage.
The jackal bites you.
* * * LOW HITPOINT WARNING * * *
The jackal bites you but does no damage.
The jackal bites you.
You die...

### #.# ##################### #.#
####...##..............### ##.##+
.................)......># #.....
####...##.####..####)..#.# #..#..
##.###.# #..@hh.g....# #..### ###
#)# #.# #.#####.....###.....
....#.###.####.#...##.#..w...####
#..........)...# #.#..........
###.###.####.#...##.......##w..
#.# #.# #.#.............#.## ..#
#.# #.##.###........#g# ...# #.#
##.######.#...##.#.# .##.#
#.###...##....#...##.#.#


You could see 2 jackals and a hobgoblin.

Vanquished Creatures
  A gnoll (D:1)
  A bat (D:1)
  2 goblins (D:1)
  A hobgoblin (D:1)
  2 jackals (D:1)
  2 kobolds (D:1)
  3 frilled lizards (D:1)
  2 rats (D:1)
14 creatures vanquished.

Notes
Turn   | Place    | Note
-------+----------+-------------------------------------------
     0 | D:1      | pimpchat the Ghoul Gladiator began the quest for the Orb.
     0 | D:1      | Reached XP level 1. HP: 17/17 MP: 0/0
    30 | D:1      | Reached XP level 2. HP: 15/25 MP: 1/1
   584 | D:1      | Reached XP level 3. HP: 24/30 MP: 2/2
   627 | D:1      | HP: 1/30 [jackal (3)]
   631 | D:1      | Slain by a jackal

Skill      XL: |  1  2 |
---------------+-------+-----
Throwing       | 2 |  2.0
Fighting       | |  2.5
Polearms       | |  0.3
Armour         | |  0.5
Dodging        | |  2.8
Unarmed Combat | |  3.8

Action                   || total
-------------------------++-------
Melee: Unarmed           ||     4
       Halberd           ||    60
Armor: Leather armour    ||    35
Dodge: Dodged            ||    83
